 Dungeon Crawl Stone Soup version 0.24-a0-350-g5b3daab8ba (webtiles) character file.

Game seed: 14138653956790701492

31 TheOvate the Sneak (level 3, 0/19 HPs)
             Began as a Kobold Enchanter on May 23, 2019.
             Slain by a worm (2 damage)
             ... on level 2 of the Dungeon.
             The game lasted 00:06:56 (1601 turns).

TheOvate the Sneak (Kobold Enchanter)               Turns: 1601, Time: 00:06:57

Health: 0/19       AC:  3    Str:  5    XL:     3   Next: 40%
Magic:  1/6        EV: 14    Int: 16    God:
Gold:   44         SH:  0    Dex: 16    Spells: 4/7 levels left

rFire    . . .     SeeInvis .   a - +1 dagger
rCold    + . .     Gourm    .   (shield restricted)
rNeg     + . .     Faith    .   k - +0 leather armour
rPois    .         Spirit   .   (no helmet)
rElec    .         Reflect  .   (no cloak)
rCorr    .         Harm     .   (no gloves)
MR       .....                  (no boots)
Stlth    +++.......             (no amulet)
HPRegen  0.06/turn              g - ring of protection from cold
MPRegen  0.10/turn              n - ring of positive energy

@: no status effects
A: small, carnivore
a: no special abilities


You were on level 2 of the Dungeon.
You were full.

You visited 1 branch of the dungeon, and saw 2 of its levels.

You collected 44 gold pieces.

Inventory:

Hand Weapons
 a - a +1 dagger (weapon)
 h - a +0 hunting sling
Missiles
 c - 18 stones (quivered)
 i - 16 sling bullets
Armour
 b - a +0 robe
 k - a +0 leather armour (worn)
Jewellery
 g - a ring of protection from cold (left hand)
 n - a ring of positive energy (right hand)
Scrolls
 j - a scroll of fear {unknown}
 l - a scroll of fog {unknown}
 m - a scroll of identify {unknown}
Potions
 e - a potion of cancellation {unknown}
 f - 2 potions of curing {unknown}
Comestibles
 d - 5 rations


   Skills:
 - Level 1.4 Short Blades
 - Level 2.4 Dodging
 - Level 5.0 Stealth
 * Level 2.5 Spellcasting
 - Level 3.1 Hexes
 * Level 1.0 Ice Magic


You had 4 spell levels left.
You knew the following spells:

 Your Spells              Type           Power        Failure   Level  Hunger
a - Corona                Hex            ##.....      9%          1    #......
b - Ensorcelled Hibernat  Hex/Ice        #.....       22%         2    ##.....

Your spell library contained the following spells:

 Spells                   Type           Power        Failure   Level  Hunger
 Confuse                  Hex            ##......     26%         3    ###....
 Tukima's Dance           Hex            ##......     26%         3    ###....
 Dazzling Spray           Conj/Hex       #.....       45%         3    ###....


Dungeon Overview and Level Annotations

Branches:
Dungeon (2/15)

Altars:


Innate Abilities, Weirdness & Mutations

You are small and have problems with some larger weapons.
You are carnivorous and can eat meat at any time.


Message History

Confirm with . or Enter, or press ? or * to list all spells.
Aiming: Corona (safe; 9% risk of failure)
Press: ? - help, Shift-Dir - straight line, f/p - worm
Aim: a worm (heavily wounded, chance to defeat MR: 57%)
The worm is outlined in light.
You hit the worm.
The worm is severely wounded.
The worm misses you.
You hit the worm.
The worm is severely wounded.
You hit the worm.
The worm is severely wounded.
The worm bites you!
* * * LOW HITPOINT WARNING * * *
You hit the worm.
The worm is almost dead.
You completely miss the worm.
The worm is almost dead.
The worm bites you.
You die...

##########.....#####......#
.........'.....'.w.'......+
#.########.....#####......#
#'#### #.)..............###
.....# #...รท..............#
.....#########..............#
.....+................w.....+
.....####...###<######......#
.....# #.......@w..##...[..##..
.....####....#####+#............#
.............# #.............
(...........## #...........#.
......<.....# #...........#
............# #....########
............# #....#
#'#######...## #....# #.# #.....#
#....#


You could see a worm.

Vanquished Creatures
  A dart slug (D:1)
  A leopard gecko (D:2)
  A bat (D:1)
  2 giant cockroaches (D:1)
  3 goblins
  3 hobgoblins
  4 jackals (D:1)
  A ball python (D:2)
  3 frilled lizards
  4 kobolds (D:1)
  4 rats (D:1)
27 creatures vanquished.

Notes
Turn   | Place    | Note
-------+----------+-------------------------------------------
     0 | D:1      | TheOvate the Kobold Enchanter began the quest for the Orb.
     0 | D:1      | Reached XP level 1. HP: 10/10 MP: 3/3
   231 | D:1      | Reached XP level 2. HP: 15/15 MP: 5/5
   424 | D:1      | Learned a level 2 spell: Ensorcelled Hibernation
   819 | D:1      | Reached XP level 3. HP: 19/19 MP: 1/6
  1169 | D:2      | Reached skill level 5 in Stealth
  1527 | D:2      | Reached skill level 1 in Ice Magic
  1601 | D:2      | Slain by a worm

Levels and vault maps discovered:
D:1:      psy_arrival_conway, layout_loops_ring
D:2:      minmay_wonky_spiral, layout_basic, makhleb_heckhound_becter,
          nicolae_overflow_crystal_walls, lemuel_doored_altar,
          roderic_serpentine_path

Skill      XL: |  1  2  3 |
---------------+----------+-----
Stealth        | 5 |  5.0
Ice Magic      | 1 |  1.0
Short Blades   | |  1.4
Dodging        | |  2.4
Spellcasting   | |  2.5
Hexes          | |  3.1

Action                   || total
-------------------------++-------
Melee: Dagger            ||   130
 Cast: Ensorcelled Hiber ||    16
       Corona            ||     6
  Use: Potion            ||     1
 Stab: Sleeping          ||    13
       Distracted        ||     1
  Eat: Chunk             ||     9
Armor: Skin              ||    14
       Robe              ||     2
       Leather armour    ||     5
Dodge: Dodged            ||    76

Table legend:
 A = Non-vault XP
 B = Vault XP
 C = Vault XP percentage of total XP
 D = Non-vault monster count
 E = Vault monster count
 F = Vault count percentage of total count
                 A         B        C        D         E       F
            +---------+---------+-------+---------+---------+-------
      Total |      45 |       0 |   0.0 |      27 |       0 |   0.0
            +---------+---------+-------+---------+---------+-------
        D:1 |      35 |       0 |   0.0 |      21 |       0 |   0.0
        D:2 |      10 |       0 |   0.0 |       6 |       0 |   0.0
            +---------+---------+-------+---------+---------+-------
